 Dungeon Crawl Stone Soup version 0.22.1-1-ga44c0e5 (webtiles) character file.

676 brandon the Cudgeler (level 7, -4/64 HPs)
             Began as a Minotaur Berserker on Oct 1, 2018.
             Was a Priest of Trog.
             Killed from afar by an orc wizard (8 damage)
             ... with a magic dart
             ... on level 4 of the Dungeon.
             The game lasted 00:06:18 (2831 turns).

brandon the Cudgeler (Minotaur Berserker)           Turns: 2831, Time: 00:06:19

Health: -4/64      AC:  5    Str: 22    XL:     7   Next: 33%
Magic:  6/6        EV: 13    Int:  4    God:    Trog [***...]
Gold:   163        SH:  0    Dex: 11    Spells: 6/6 levels left

rFire    . . .     SeeInvis .   u - +0 mace
rCold    . . .     Gourm    .   (no shield)
rNeg     . . .     Faith    .   g - +0 leather armour (curse)
rPois    .         Spirit   .   (helmet restricted)
rElec    .         Reflect  .   q - +0 cloak (curse)
rCorr    .         Harm     .   (no gloves)
MR       .....                  m - +0 pair of boots
Stlth    +.........             (no amulet)
HPRegen  0.20/turn              (no ring)
MPRegen  0.10/turn              (no ring)

@: no status effects
A: retaliatory headbutt, horns 2
a: Berserk, Trog's Hand, Renounce Religion


You were on level 4 of the Dungeon.
You worshipped Trog.
Trog was most pleased with you.
You were not hungry.

You visited 1 branch of the dungeon, and saw 4 of its levels.

You collected 163 gold pieces.

Inventory:

Hand Weapons
 h - a +2 spear of venom
 p - a +2 quarterstaff of chaos
 u - a +0 mace (weapon)
Armour
 g - a cursed +0 leather armour (worn)
 m - a +0 pair of boots (worn)
 q - a cursed +0 cloak (worn)
Scrolls
 a - a scroll of magic mapping {unknown}
 d - 3 scrolls of enchant armour {unknown}
 e - 7 scrolls of identify {unknown}
 f - a scroll of fog {unknown}
 l - 2 scrolls of remove curse {unknown}
 n - a scroll of teleportation {unknown}
 r - 2 scrolls of enchant weapon {unknown}
Potions
 b - 4 potions of curing
 i - a potion of invisibility {unknown}
 j - 2 potions of brilliance {unknown}
 k - a potion of lignification {unknown}
 o - a potion of resistance {unknown}
Comestibles
 c - 4 rations


   Skills:
 * Level 6.7 Fighting
 + Level 6.7 Maces & Flails
 + Level 4.2 Armour
 + Level 3.9 Dodging
 + Level 0.9 Stealth


You had 6 spell levels left.
You didn't know any spells.
Your spell library was empty.

Dungeon Overview and Level Annotations

Branches:
Dungeon (4/15)             Temple (0/1) D:4

Altars:
Okawaru
Zin
The Shining One


Innate Abilities, Weirdness & Mutations

You reflexively headbutt those who attack you in melee.
You have a pair of horns on your head.


Message History

* * * LOW HITPOINT WARNING * * *
You hear a shout!
Unknown command.
Unknown command.
You start resting.
The orc priest is too close now for your liking.
The orc priest invokes the aid of Beogh against you.
Beogh smites you!
* * * LOW HITPOINT WARNING * * *
An orc wizard comes into view. It is wielding a dagger.
An orc comes into view.
The orc shouts!
You hear a shout!
The orc priest mumbles some strange prayers to Beogh against you.
Pain shoots through your body!
* * * LOW HITPOINT WARNING * * *
The orc throws a stone.
The stone hits you but does no damage.
Okay, then.
The orc wizard gestures at you while chanting.
The magic dart hits you!
You die...

.#.######.#
^.......o.#
#.###[)### #.#.o).#
###.?)##.#
##....###.#
###.o#.## #.##
#.......###รท.###
......#@...##.....#
#####.:....##.PPP.#
###....##..>..##
#....##P.PP..####
#....##.........#
#....#####..)##.#
#....# ##### ..
#....# .


You could see an orc priest and an orc wizard.

Vanquished Creatures
  Sigmund (D:3)
  Duvessa (D:4)
  An ogre (D:4)
  Dowan (D:4)
  A howler monkey (D:4)
  Crazy Yiuf (D:2)
  An orc wizard (D:4)
  A bullfrog skeleton (D:4)
  Robin (D:2)
  3 adders
  4 gnolls (D:2)
  An ooze (D:3)
  2 dart slugs
  4 orcs (D:4)
  2 giant cockroaches
  17 goblins
  11 hobgoblins
  5 jackals
  A quokka (D:3)
  5 bats
  4 frilled lizards
  5 kobolds
  10 rats
83 creatures vanquished.

Notes
Turn   | Place    | Note
-------+----------+-------------------------------------------
     0 | D:1      | brandon the Minotaur Berserker began the quest for the Orb.
     0 | D:1      | Reached XP level 1. HP: 19/19 MP: 0/0
   124 | D:1      | Reached XP level 2. HP: 26/27 MP: 1/1
   648 | D:2      | Found an iron altar of Okawaru.
   665 | D:2      | Reached XP level 3. HP: 14/34 MP: 2/2
  1023 | D:2      | Noticed Robin
  1026 | D:2      | Reached ** piety under Trog
  1036 | D:2      | Killed Robin
  1180 | D:2      | Found a runed door.
  1184 | D:2      | Noticed Crazy Yiuf
  1189 | D:2      | Killed Crazy Yiuf
  1189 | D:2      | Reached skill level 5 in Fighting
  1189 | D:2      | Reached XP level 4. HP: 42/42 MP: 3/3
  1359 | D:2      | Reached XP level 5. HP: 36/48 MP: 4/4
  1493 | D:2      | Found a glowing silver altar of Zin.
  1852 | D:3      | Reached *** piety under Trog
  1852 | D:3      | Reached skill level 5 in Maces & Flails
  1972 | D:3      | Noticed Sigmund
  1988 | D:3      | Killed Sigmund
  1988 | D:3      | Reached XP level 6. HP: 45/57 MP: 5/5
  2006 | D:3      | Found a glowing golden altar of the Shining One.
  2588 | D:4      | Found a staircase to the Ecumenical Temple.
  2597 | D:4      | Noticed Duvessa
  2632 | D:4      | Killed Duvessa
  2635 | D:4      | Noticed Dowan
  2654 | D:4      | Reached XP level 7. HP: 45/64 MP: 6/6
  2792 | D:4      | Killed Dowan
  2829 | D:4      | HP: 3/64 [orc priest/nerve-wracking pain (1)]
  2831 | D:4      | Killed from afar by an orc wizard

Skill      XL: |  1  2  3  4  5  6 |
---------------+-------------------+-----
Maces & Flails | 4 5 6 |  6.7
Fighting       | 4 5 6 |  6.7
Armour         | 3 4 |  4.2
Dodging        | 3 |  3.9
Stealth        | |  0.9

Action                   |  1- 3 |  4- 6 |  7- 9 || total
-------------------------+-------+-------+-------++-------
Melee: Mace              |    72 |    96 |    16 ||   184
       Headbutt          |     8 |    17 |       ||    25
Invok: Berserk           |     1 |     1 |       ||     2
  Eat: Chunk             |     2 |     4 |       ||     6
       Ration            |       |       |     1 ||     1
Armor: Leather armour    |    20 |    30 |     5 ||    55
Dodge: Dodged            |    61 |    99 |     6 ||   166
